 Dungeon Crawl Stone Soup version 0.27.1-34-g3ba077fa99 (webtiles) character file.

Game seed: 4736091590124269481

520 vocatan the Cudgeller (level 7, -2/43 HPs)
             Began as a Gargoyle Fighter on Jan 15, 2022.
             Killed by divine providence
             ... invoked by an orc priest
              (12 damage)
             ... on level 4 of the Dungeon.
             The game lasted 00:26:20 (2000 turns).

vocatan the Cudgeller (Gargoyle Fighter)            Turns: 2000, Time: 00:26:25

Health: -2/43      AC: 12    Str: 21    XL:     7   Next: 21%
Magic:  7/7        EV:  8    Int:  8    God:
Gold:   88         SH:  0    Dex: 10    Spells: 6/6 levels left

rFire    . . .     SeeInvis .   a - +0 flail
rCold    . . .     Faith    .   c - +0 kite shield
rNeg     + . .     Spirit   .   b - +1 scale mail
rPois    ∞         Reflect  .   (no helmet)
rElec    +         Harm     .   (no cloak)
rCorr    .         Rampage  .   (no gloves)
Will     .....                  (no boots)
Stlth    ..........             (no amulet)
HPRegen  0.14/turn              (no ring)
MPRegen  0.10/turn              (no ring)

@: confused
A: sickness immunity, AC +4, negative energy resistance 1, electricity
resistance, torment resistance 1, petrification resistance
a: no special abilities


You were on level 4 of the Dungeon.
You visited 1 branch of the dungeon, and saw 4 of its levels.

You collected 118 gold pieces.
You spent 30 gold pieces at shops.

Inventory:

Hand Weapons
 a - a +0 flail (weapon)
Armour
 b - a +1 scale mail (worn)
 c - a +0 kite shield (worn)
Scrolls
 e - a scroll of teleportation
 g - a scroll of amnesia
Potions
 f - a potion of lignification {unknown}


   Skills:
 + Level 4.3 Fighting
 + Level 5.6 Maces & Flails
 + Level 4.3 Armour
 + Level 1.0 Dodging
 + Level 0.4 Stealth
 + Level 4.7 Shields


You had 6 spell levels left.
You didn't know any spells.
Your spell library contained the following spells:

 Spells                   Type           Power      Damage    Failure   Level
 Sandblast                Erth           0%         2d4       99%         1
 Passwall                 Tmut/Erth      0%         N/A       100%        2
 Lee's Rapid Deconstruct  Erth           0%         3d5*      100%        5


Dungeon Overview and Level Annotations

Branches:
Dungeon (4/15)
 Temple: D:4-7

Altars:

Shops:
D:3 !(


Innate Abilities, Weirdness & Mutations

You are immune to sickness and miasma.
Your stone body is resilient. (AC +4)
You are immune to poison.
You resist negative energy. (rN+)
You are resistant to electric shocks. (rElec)
You are resistant to unholy torment.
You are immune to petrification.


Message History

The kobold hits you with a +0 short sword.
* * * LOW HITPOINT WARNING * * *
Something hits you but does no damage.
You miss something.
The kobold hits you with a +0 short sword.
* * * LOW HITPOINT WARNING * * *
The orc priest looks braver for a moment.
Something hits you but does no damage. You block the kobold's attack.
You completely miss something.
You hear some strange, mumbled words.
Something tries to affect you, but you resist.
The kobold hits you but does no damage.
You hit something. Something hits you but does no damage.
The kobold barely misses you. Something hits you.
* * * LOW HITPOINT WARNING * * *
You closely miss something. The kobold hits you but does no damage.
You hear some strange, mumbled words.
Something tries to affect you, but you resist.
The kobold closely misses you.
You barely miss something. Something hits you but does no damage.
The kobold barely misses you.
You closely miss something. Something completely misses you.
You block the kobold's attack. Something hits you but does no damage.
You miss something. You block the kobold's attack.
Something hits you but does no damage. The kobold hits you but does no damage.
Your scale mail prevents you from hitting something.
Something hits you but does no damage. The kobold hits you but does no damage.
You closely miss something. Something hits you but does no damage.
The kobold hits you but does no damage. Something hits you but does no damage.
You miss something. The kobold hits you but does no damage.
You block something's attack. The kobold hits you but does no damage.
You barely miss something. You block something's attack.
You block the kobold's attack.
You miss something.
You hear some strange, mumbled words.
You are confused.
The kobold hits you but does no damage.
The orc priest mumbles some strange prayers to Beogh against you.
Beogh smites you!
You die...

#.###..# #
#......##.#
#####.....#
#......# ..
#..###.#...
#..###.#..
#o#....o.
#{#.##.###
#@#......#######
#.K.o..#.#....<
#.#.###.>....# #
#............# .#
###.###..#.#.##.##
#......†.#......
#......#......#
#####.##.#.####
#......#


You could see an orc priest, an orc and a kobold.

Vanquished Creatures
  Grinder (D:3)
  2 black bears (D:4)
  Jessica (D:3)
  A hound skeleton (D:3)
  5 adders
  2 worms (D:2)
  3 dart slugs (D:2)
  An orc (D:4)
  6 ball pythons
  3 endoplasms
  4 giant cockroaches
  2 goblins
  3 hobgoblins
  5 kobolds
  A quokka (D:4)
  5 bats
  4 frilled lizards
  8 rats
57 creatures vanquished.

Vanquished Creatures (others)
  7 fungi (D:2)
  3 plants (D:2)
10 creatures vanquished.

Grand Total: 67 creatures vanquished

Notes
Turn   | Place    | Note
-------+----------+-------------------------------------------
     0 | D:1      | vocatan the Gargoyle Fighter began the quest for the Orb.
     0 | D:1      | Reached XP level 1. HP: 14/14 MP: 1/1
   108 | D:1      | Reached XP level 2. HP: 12/19 MP: 2/2
   531 | D:2      | Reached XP level 3. HP: 22/23 MP: 3/3
   919 | D:2      | Reached skill level 3 in Maces & Flails
   919 | D:2      | Reached XP level 4. HP: 9/28 MP: 4/4
   988 | D:2      | Found a faded altar of an unknown god.
  1466 | D:3      | Noticed Jessica
  1484 | D:3      | Killed Jessica
  1529 | D:3      | Found Ukaeptym's Distillery.
  1571 | D:3      | Reached XP level 5. HP: 17/33 MP: 5/5
  1709 | D:3      | Found Vehukh's Weapon Boutique.
  1728 | D:3      | Noticed Grinder
  1733 | D:3      | Paralysed by Grinder for 7 turns
  1749 | D:3      | Killed Grinder
  1750 | D:3      | Reached skill level 4 in Maces & Flails
  1750 | D:3      | Reached XP level 6. HP: 14/38 MP: 6/6
  1845 | D:3      | Bought a potion of curing for 30 gold pieces
  1896 | D:4      | Noticed a black bear
  1902 | D:4      | Killed a black bear
  1903 | D:4      | Reached skill level 5 in Maces & Flails
  1912 | D:4      | Reached skill level 1 in Dodging
  1938 | D:4      | Noticed a black bear
  1949 | D:4      | Killed a black bear
  1950 | D:4      | Reached XP level 7. HP: 23/43 MP: 7/7
  1985 | D:4      | HP: 1/43 [something (3)]
  2000 | D:4      | Killed from afar by an orc priest

Illustrated notes

Levels and vault maps discovered:
D:1:      scummos_arrival_simple_fountains, layout_basic
D:2:      layout_basic, shapermc_ecumenical_altar_mp_urbaneastern,
          chequers_serial_rivers_room_b
D:3:      layout_rooms, serial_corexii_hall, corexii_hall_statues_s,
          corexii_hall_statues_l, chequers_hall_statues_corner_a, serial_shops,
          nicolae_shop_trees, shop_statue, uniq_grinder, uniq_jessica
D:4:      layout_loops_cross, pf_just_have_faith

Skill      XL: |  1  2  3  4  5  6 |
---------------+-------------------+-----
Maces & Flails | 3 4 5 |  5.6
Shields        | 4 |  4.7
Fighting       | 4 |  4.3
Armour         | 4 |  4.3
Dodging        | 1 |  1.0
Stealth        | |  0.4

Action                   |  1- 3 |  4- 6 |  7- 9 || total
-------------------------+-------+-------+-------++-------
Melee: Flail             |   112 |   130 |    22 ||   264
  Use: Scroll            |     2 |     2 |       ||     4
       Potion            |     4 |     1 |     2 ||     7
Armor: Scale mail        |    77 |    64 |    23 ||   164
Dodge: Dodged            |    48 |    24 |     8 ||    80
Block: Kite shield       |    65 |    53 |    14 ||   132
